 Dungeon Crawl Stone Soup version 0.16.0-18-g484a79e (webtiles) character file.

1796 Phasanity the Covered (level 8, 0/64 HPs)
             Began as a Demonspawn Berserker on Mar 23, 2015.
             Was a Priest of Trog.
             Succumbed to a killer bee's poison
             ... on level 8 of the Dungeon.
             The game lasted 00:38:30 (7030 turns).

Phasanity the Covered (Demonspawn Berserker)        Turns: 7030, Time: 00:38:30

Health: 0/64       AC: 23    Str: 21    XL:     8   Next: 83%
Magic:  4/8        EV:  8    Int: 11    God:    Trog [***...]
Gold:   555        SH:  0    Dex: 10    Spells: 0 memorised, 7 levels left

rFire  . . .     SeeInvis +     a - +2 falchion
rCold  . . .     Clarity  .     q - +0 plate armour (curse)
rNeg   . . .     SustAb   .     (no shield)
rPois  .         Gourm    .     y - +1 helmet {Int+3}
rElec  .         Spirit   +     (no cloak)
rCorr  .         Warding  .     e - +0 pair of gloves
rMut   .         Stasis   .     (no boots)
MR     +....                    s - amulet of guardian spirit
Stlth  ..........               o - ring of see invisible
                                l - ring of protection from magic

@: lethally poisoned (0 -> -7), somewhat resistant to hostile enchantments,
extremely unstealthy
A: claws 1, rough black scales 2, demonic guardian 1, powered by death 1
a: Burn Spellbooks, Berserk, Trog's Hand, Renounce Religion


You were on level 8 of the Dungeon.
You worshipped Trog.
Trog was most pleased with you.
You were not hungry.

You visited 1 branch of the dungeon, and saw 8 of its levels.

You collected 555 gold pieces.

Inventory:

Hand weapons
 a - a +2 falchion (weapon)
Armour
 e - a +0 pair of gloves (worn)
 q - a cursed +0 plate armour (worn)
 y - a +1 helmet of intelligence (worn)
Jewellery
 l - a ring of protection from magic (left hand)
 n - an uncursed ring of teleport control
 o - a ring of see invisible (right hand)
 r - an uncursed ring of magical power
 s - an amulet of guardian spirit (around neck)
 t - an uncursed ring of ice
 B - an uncursed ring of see invisible
Magical devices
 j - a wand of magic darts (48)
 p - a wand of paralysis (14)
 x - a wand of cold (6)
Scrolls
 h - 3 scrolls of teleportation
 i - 5 scrolls of identify
 k - a scroll of enchant weapon
 m - 7 scrolls of remove curse
 z - a scroll of vulnerability {unknown}
Potions
 b - 2 potions of curing
 f - a potion of agility
 A - 2 potions of degeneration {unknown}
Comestibles
 d - 4 beef jerkies
 g - 3 meat rations
 v - 3 bread rations
 w - a slice of pizza


   Skills:
 + Level 6.1 Fighting
 + Level 5.8 Long Blades
 + Level 6.1 Armour
 + Level 4.8 Dodging
 + Level 1.6 Stealth


You had 7 spell levels left.
You didn't know any spells.

Dungeon Overview and Level Annotations

Branches:
Dungeon (8/15)             Temple (0/1) D:6
   Lair: D:8-11

Altars:
Elyvilon
Nemelex Xobeh
Qazlal
Zin

Shops:
D:4 }   D:6 (


Innate Abilities, Weirdness & Mutations

You have sharp fingernails.
You are mostly covered in rough black scales (AC +7, Dex -2).
A weak demonic guardian rushes to your aid.
You can steal the life force of nearby defeated enemies.


Message History

The killer bee stings your iron imp.
Your iron imp hits the killer bee.
* * * LOW HITPOINT WARNING * * *
You feel sick. The killer bee stings your iron imp!
Your iron imp dies!
* * * LOW HITPOINT WARNING * * *
You feel sick. The killer bee stings you. The killer bee stings you.
* * * LOW HITPOINT WARNING * * *
* * * LOW HITPOINT WARNING * * *
You feel sick.
The killer bee stings you but does no damage. x2
* * * LOW HITPOINT WARNING * * *
You feel sick.
The killer bee stings you but does no damage. x2
You hear the hiss of a very distant avalanche of sand.
* * * LOW HITPOINT WARNING * * *
You feel sick. The killer bee barely misses you.
Your ufetubus completely misses the killer bee.
Your ufetubus hits the killer bee but does no damage.
The killer bee barely misses your ufetubus.
You die...

.....#......# .....#......#
.....+......# . .....#......# ..
.....#....######### ..
.....##'#####.....# .
.....'....'.......#####.##+## .
.....#...<#......##...#.....# ...
.....#....#.....@yyy........+ ...
.....#....##....5##B........#B...
##################..........#....
#y##+#####+#.... #..y.....B.?....
#..y...ยง........
#........)...... #...)...........
#...........###+


You could see a goliath beetle, 3 killer bees and a friendly ufetubus.

Vanquished Creatures
  The ghost of Pr0man the Grappler, an experienced VSMo of Okawaru (D:5)
  A hippogriff (D:8)
  The ghost of HungrySpirit the Charlatan, an average DDAr (D:3)
  2 sky beasts
  An ogre (D:6)
  A phantom (D:6)
  A centaur (D:6)
  Sigmund (D:2)
  Blork the orc (D:7)
  2 giant frogs
  3 crimson imps
  2 orc priests
  A jelly (D:5)
  2 iguanas (D:7)
  2 orc wizards
  3 worker ants
  Jessica (D:2)
  4 gnolls (D:7)
  A shadow imp (D:6)
  A giant mite (D:4)
  A river rat (D:4)
  3 adders
  3 worms
  An adder zombie (D:8)
  4 giant geckos
  15 orcs
  2 ball pythons (D:4)
  5 bats
  8 giant cockroaches
  13 goblins
  7 hobgoblins
  5 jackals
  16 kobolds
  A giant gecko zombie (D:4)
  3 giant newts
  3 quokkas (D:2)
  A quokka skeleton (D:6)
  A quokka zombie (D:5)
  7 rats
131 creatures vanquished.

Vanquished Creatures (collateral kills)
  Grinder (D:3)
  A giant frog zombie (D:6)
  An orc wizard (D:8)
  An adder (D:8)
  A kobold (D:8)
5 creatures vanquished.

Vanquished Creatures (others)
  5 crimson imps
  3 iron imps
  5 quasits
  An orc wizard (D:7)
  6 white imps
  5 ufetubi
25 creatures vanquished.

Grand Total: 161 creatures vanquished

Notes
Turn   | Place    | Note
--------------------------------------------------------------
     0 | D:1      | Phasanity, the Demonspawn Berserker, began the quest for the Orb.
     0 | D:1      | Reached XP level 1. HP: 18/18 MP: 1/1
   349 | D:1      | Gained mutation: You have sharp fingernails. [demonic ancestry]
   349 | D:1      | Reached XP level 2. HP: 21/24 MP: 2/2
   993 | D:2      | Reached XP level 3. HP: 20/29 MP: 3/3
  1278 | D:2      | Acquired Trog's second power
  1399 | D:2      | Noticed Jessica
  1411 | D:2      | Killed Jessica
  1523 | D:2      | Noticed Sigmund
  1540 | D:2      | Killed Sigmund
  1540 | D:2      | Gained mutation: A weak demonic guardian rushes to your aid. [demonic ancestry]
  1540 | D:2      | Reached XP level 4. HP: 23/37 MP: 4/4
  1711 | D:2      | Reached XP level 5. HP: 29/42 MP: 5/5
  2133 | D:3      | Found a sparkling altar of Nemelex Xobeh.
  2167 | D:3      | Found a stormy altar of Qazlal.
  2180 | D:3      | Noticed HungrySpirit's ghost (average DDAr)
  2210 | D:3      | Killed HungrySpirit's ghost
  2210 | D:3      | Reached skill level 4 in Fighting
  2455 | D:3      | Noticed Grinder
  2485 | D:3      | Killed Grinder
  2485 | D:3      | Gained mutation: You are partially covered in rough black scales (AC +4, Dex -1). [demonic ancestry]
  2485 | D:3      | Reached XP level 6. HP: 44/48 MP: 6/6
  3501 | D:4      | Found Roepritys' Gadget Shoppe.
  3725 | D:4      | Gained mutation: You are mostly covered in rough black scales (AC +7, Dex -2). [demonic ancestry]
  3725 | D:4      | Reached XP level 7. HP: 48/55 MP: 7/7
  3741 | D:4      | Gained mutation: Your magical capacity is low (-10% MP). [mutagenic meat]
  3975 | D:5      | Entered Level 5 of the Dungeon
  4246 | D:5      | Noticed Pr0man's ghost (experienced VSMo)
  4254 | D:5      | Killed Pr0man's ghost
  4254 | D:5      | Reached skill level 1 in Stealth
  4693 | D:5      | Found a glowing silver altar of Zin.
  4693 | D:5      | Found a white marble altar of Elyvilon.
  5023 | D:6      | Lost mutation: Your magical capacity is low (-10% MP). [potion of cure mutation]
  5091 | D:6      | Found a staircase to the Ecumenical Temple.
  5126 | D:6      | Found Phud's Weapon Shoppe.
  5319 | D:6      | Reached skill level 5 in Fighting
  5319 | D:6      | Gained mutation: You can steal the life force of nearby defeated enemies. [demonic ancestry]
  5319 | D:6      | Reached XP level 8. HP: 60/62 MP: 8/8
  5353 | D:6      | Reached skill level 5 in Armour
  5566 | D:6      | Reached skill level 5 in Long Blades
  6414 | D:7      | Noticed Blork the orc
  6427 | D:7      | Killed Blork the orc
  6961 | D:8      | Reached skill level 6 in Fighting
  7027 | D:8      | HP: 3/64 [poisoned by a killer bee]
  7029 | D:8      | HP: 1/64 [poisoned by a killer bee]
  7030 | D:8      | Succumbed to a killer bee's poison

Action                   |  1- 3 |  4- 6 |  7- 9 || total
-------------------------+-------+-------+-------++-------
Melee: Falchion          |   116 |   175 |   388 ||   679
Invok: Berserk           |     1 |       |       ||     1
  Use: Scroll            |     5 |     7 |       ||    12
       Potion            |       |     2 |     5 ||     7
 Stab: Distracted        |       |       |     1 ||     1
  Eat: Bread ration      |     1 |     1 |     2 ||     4
       Fruit             |       |     2 |       ||     2
       Chunk             |       |       |     1 ||     1
       Meat ration       |       |       |     1 ||     1
